 Dungeon Crawl Stone Soup version 0.19.4-12-gccf7e64 (webtiles) character file.

7240 Magnus the Spear-Bearer (level 11, 0/80 HPs)
             Began as a Human Monk on Feb 26, 2017.
             Was an Elder of Kikubaaqudgha.
             Slain by a hornet (9 damage)
             ... on level 8 of the Dungeon on Feb 27, 2017.
             The game lasted 00:32:33 (10550 turns).

Magnus the Spear-Bearer (Human Monk)               Turns: 10550, Time: 00:32:33

Health: 0/80       AC:  8    Str: 15    XL:     11   Next: 33%
Magic:  0/11       EV: 12    Int: 10    God:    Kikubaaqudgha [****..]
Gold:   472        SH:  0    Dex: 16    Spells: 0 memorised, 10 levels left

rFire  . . .     SeeInvis .     q - +5 trident (pierce)
rCold  + . .     Gourm    .     k - +1 scale mail {MR+}
rNeg   . . .     Faith    .     (no shield)
rPois  .         Spirit   +     (no helmet)
rElec  .         Reflect  .     (no cloak)
rCorr  .         Harm     .     (no gloves)
MR     +....                    (no boots)
Stlth  ..........               d - amulet of guardian spirit
                                y - ring of protection from cold
                                (no ring)

@: confused, lethally poisoned (0 -> -5), about to teleport, very slightly
contaminated, hasted and slowed
A: no striking features
a: Receive Corpses, Renounce Religion


You were on level 8 of the Dungeon.
You worshipped Kikubaaqudgha.
Kikubaaqudgha was greatly pleased with you.
You were not hungry.

You visited 2 branches of the dungeon, and saw 10 of its levels.

You collected 472 gold pieces.

Inventory:

Hand Weapons
 q - a +5 trident of piercing (weapon)
Missiles
 z - 2 throwing nets (quivered)
Armour
 e - a +0 ring mail
 k - a +1 scale mail of magic resistance (worn)
 m - a +1 ring mail of cold resistance
Magical Staves
 p - a cursed staff of cold {unknown}
Jewellery
 d - an amulet of guardian spirit (around neck)
 y - a ring of protection from cold (right hand)
Wands
 u - a wand of polymorph (16/24)
 w - a wand of disintegration (9/24)
Scrolls
 a - 3 scrolls of identify
 j - 2 scrolls of teleportation
 n - a scroll of remove curse
 t - 3 scrolls of magic mapping
 A - 3 scrolls of enchant armour
 B - 2 scrolls of enchant weapon
 D - a scroll of vulnerability {unknown}
 G - a scroll of amnesia
Potions
 h - 2 potions of ambrosia
 r - a potion of haste
 s - a potion of resistance
 v - a potion of mutation {unknown}
 x - a potion of flight {unknown}
 F - a potion of cancellation {unknown}
Books
 b - Kikubaaqudgha's Handbook of Dark Secrets
   (Kikubaaqudgha gifted it to you on level 5 of the Dungeon)

   Spells                             Type                      Level
   a - Pain                           Necromancy                   1
   b - Corpse Rot                     Necromancy                   2
   c - Sublimation of Blood           Necromancy                   2
   d - Vampiric Draining              Necromancy                   3
   e - Control Undead                 Necromancy                   4
 g - a book of Battle

   Spells                             Type                      Level
   a - Infusion                       Charms                       1
   b - Shroud of Golubria             Charms/Translocation         2
   c - Song of Slaying                Charms                       2
   d - Spectral Weapon                Hexes/Charms                 3
   e - Regeneration                   Charms/Necromancy            3
 o - a book of Maledictions

   Spells                             Type                      Level
   a - Corona                         Hexes                        1
   b - Ensorcelled Hibernation        Hexes/Ice                    2
   c - Confuse                        Hexes                        3
   d - Tukima's Dance                 Hexes                        3
   e - Dazzling Spray                 Conjuration/Hexes            3
 C - a book of Necromancy

   Spells                             Type                      Level
   a - Pain                           Necromancy                   1
   b - Animate Skeleton               Necromancy                   1
   c - Vampiric Draining              Necromancy                   3
   d - Regeneration                   Charms/Necromancy            3
   e - Animate Dead                   Necromancy                   4
   f - Control Undead                 Necromancy                   4
 E - Kikubaaqudgha's Collected Works on Necromancy
   (Kikubaaqudgha gifted it to you on level 7 of the Dungeon)

   Spells                             Type                      Level
   a - Animate Dead                   Necromancy                   4
   b - Excruciating Wounds            Charms/Necromancy            5
   c - Cigotuvi's Embrace             Necromancy                   5
   d - Dispel Undead                  Necromancy                   5
   e - Death Channel                  Necromancy                   6
Comestibles
 c - 8 bread rations
 f - 5 beef jerkies
 H - 2 chunks of flesh
 I - 12 fruits
 J - 6 slices of pizza
 K - 2 meat rations


   Skills:
 + Level 5.4 Fighting
 - Level 14.0 Polearms
 + Level 4.1 Armour
 + Level 5.2 Dodging
 - Level 2.0 Stealth
 + Level 4.3 Necromancy


You had 10 spell levels left.
You didn't know any spells.

Dungeon Overview and Level Annotations

Branches:
Dungeon (9/15)             Temple (1/1) D:4
   Lair: D:8-11         Orc: D:9-12

Altars:
Cheibriados
Dithmenos
Elyvilon
Fedhas
Gozag
Hepliaklqana
Kikubaaqudgha
Makhleb
Nemelex Xobeh
Okawaru
Qazlal
Ru
Sif Muna
Trog
Uskayaw
Vehumet
Xom
Yredelemnul
Zin
The Shining One

Shops:
D:6 (   D:8 ?


Message History

The hornet is heavily wounded.
You feel sick. The hornet stings you!
* * * LOW HITPOINT WARNING * * *
You feel as though you will be slow longer.
Unknown command.
You closely miss the hornet.
The hornet is heavily wounded.
You feel sick.
The hornet stings you but does no damage.
Unknown command.
Okay, then.
As you read the scroll of teleportation, it crumbles to dust.
You feel strangely unstable. The hornet stings you!
* * * LOW HITPOINT WARNING * * *
You feel as though you will be slow longer.
The hornet stings you but does no damage.
You are confused.
You feel invigorated.
You feel sick. The hornet stings you!
You die...
Kikubaaqudgha rasps: "You have failed me!
Welcome... death!"

######### #.).)).)#
####.#####.# #.≈.≈.≈PP#.# #
#......≈P#.# ###### #
#.....P≈≈#.# #....# #
#.....≈≈P#.# #.##.# #
#.....≈≈.#@# #.##.#####
##'''###'#y#######........#
#.....#..#.......###.####.#
#.....'..#.......[...####.#
##########.............))..
#...........########.#
#......>....')).......
#####...........########.#
#...............# ######.#


You could see a hornet.

Vanquished Creatures
  A hydra (D:8)
  A centaur warrior (D:8)
  Pikel (D:4)
  The ghost of Magnus the Gusty, a novice TeAE of Ashenzari (D:5)
  2 dream sheep (D:8)
  Sigmund (D:4)
  Eustachio (D:6)
  A wyvern (D:8)
  2 yaks (D:8)
  Menkaure (D:4)
  Edmund (D:6)
  Duvessa (D:6)
  A water moccasin (D:5)
  An orc warrior (D:7)
  3 ice beasts
  A sky beast (D:8)
  3 phantoms
  3 centaurs
  4 ogres
  Blork the orc (D:5)
  5 big kobolds
  4 bullfrogs
  Dowan (D:6)
  3 scorpions
  5 wights (D:8)
  8 howler monkeys
  2 crimson imps
  A centaur zombie (D:8)
  3 hounds
  3 jellies
  3 centaur skeletons
  An orc priest (D:7)
  3 orc wizards
  5 iguanas
  5 worker ants
  A howler monkey zombie (D:7)
  10 gnolls
  A howler monkey skeleton (D:5)
  6 adders
  2 shadow imps
  2 oozes
  2 adder zombies
  An adder skeleton (D:8)
  5 worms
  2 dart slugs
  6 leopard geckos
  22 orcs
  11 bats
  10 giant cockroaches
  7 goblins
  5 hobgoblins
  10 jackals
  A quokka (D:2)
  2 ball pythons
  8 frilled lizards
  A giant cockroach zombie (D:6)
  13 kobolds
  A leopard gecko zombie (D:7)
  A quokka skeleton (D:6)
  15 rats
  A bush (D:2)
229 creatures vanquished.

Vanquished Creatures (others)
  A slave (D:4)
  2 plants (D:8)
  A withered plant (D:5)
4 creatures vanquished.

Grand Total: 233 creatures vanquished

Notes
Turn   | Place    | Note
-------+----------+-------------------------------------------
     0 | D:1      | Magnus the Human Monk began the quest for the Orb.
     0 | D:1      | Reached XP level 1. HP: 18/18 MP: 1/1
   115 | D:1      | Reached XP level 2. HP: 22/24 MP: 2/2
   491 | D:1      | Reached skill level 4 in Polearms
   491 | D:1      | Reached XP level 3. HP: 29/29 MP: 3/3
   960 | D:2      | Reached XP level 4. HP: 35/35 MP: 4/4
  2034 | D:2      | Reached skill level 5 in Polearms
  2510 | D:3      | Reached XP level 5. HP: 41/41 MP: 5/5
  3030 | D:4      | Noticed a phantom
  3250 | D:3      | Reached skill level 6 in Polearms
  3275 | D:3      | Reached XP level 6. HP: 26/47 MP: 4/6
  3613 | D:4      | Noticed Sigmund
  3618 | D:4      | Killed a phantom
  3817 | D:3      | Reached skill level 7 in Polearms
  3962 | D:4      | Found a staircase to the Ecumenical Temple.
  3966 | D:4      | Noticed Menkaure
  3972 | Temple   | Entered the Ecumenical Temple
  4305 | D:4      | Killed Menkaure
  4305 | D:4      | Reached XP level 7. HP: 32/52 MP: 3/7
  4447 | D:4      | Killed Sigmund
  4447 | D:4      | Reached skill level 8 in Polearms
  5192 | D:4      | Reached XP level 8. HP: 35/58 MP: 4/8
  5261 | D:4      | Noticed Pikel
  5302 | D:4      | Killed Pikel
  5302 | D:4      | Reached skill level 10 in Polearms
  5722 | D:5      | Entered Level 5 of the Dungeon
  5738 | D:5      | Noticed Blork the orc
  5890 | D:5      | Killed Blork the orc
  6003 | D:5      | Reached XP level 9. HP: 63/63 MP: 9/9
  6054 | D:5      | Reached skill level 11 in Polearms
  6163 | D:5      | Noticed Magnus's ghost (novice TeAE)
  6186 | D:5      | Killed Magnus's ghost
  6197 | D:5      | Found an ancient bone altar of Kikubaaqudgha.
  6205 | D:5      | Became a worshipper of Kikubaaqudgha
  6205 | D:5      | Reached * piety under Kikubaaqudgha
  6205 | D:5      | Identified Kikubaaqudgha's Handbook of Dark Secrets (Kikubaaqudgha gifted it to you on level 5 of the Dungeon)
  6205 | D:5      | Received a gift from Kikubaaqudgha
  6205 | D:5      | Reached ** piety under Kikubaaqudgha
  6520 | D:5      | Reached skill level 12 in Polearms
  6645 | D:5      | Found a shimmering altar of Xom.
  6908 | D:6      | Noticed Dowan
  6911 | D:6      | Killed Dowan
  6912 | D:6      | Noticed Duvessa
  6918 | D:6      | Killed Duvessa
  6967 | D:6      | Found Poovys's Antique Weapon Shop.
  7142 | D:6      | Noticed Eustachio
  7161 | D:6      | Killed Eustachio
  7167 | D:6      | Noticed Edmund
  7184 | D:6      | Killed Edmund
  7344 | D:6      | Found a stormy altar of Qazlal.
  7344 | D:6      | Found a blossoming altar of Fedhas.
  7370 | D:6      | Found a basalt altar of Yredelemnul.
  7373 | D:6      | Reached XP level 10. HP: 62/70 MP: 8/10
  7383 | D:6      | Reached skill level 13 in Polearms
  8011 | D:7      | Reached *** piety under Kikubaaqudgha
  8011 | D:7      | Identified Kikubaaqudgha's Collected Works on Necromancy (Kikubaaqudgha gifted it to you on level 7 of the Dungeon)
  8011 | D:7      | Received a gift from Kikubaaqudgha
  8325 | D:8      | Found Celecrut's Magic Scroll Shop.
  8428 | D:8      | Reached skill level 14 in Polearms
  8465 | D:8      | Reached skill level 1 in Armour
  8478 | D:8      | Reached skill level 1 in Necromancy
  8863 | D:8      | Noticed a centaur warrior
  8883 | D:8      | Killed a centaur warrior
  9186 | D:8      | Noticed a three-headed hydra
  9225 | D:8      | Reached XP level 11. HP: 28/77 MP: 4/11
  9711 | D:8      | Killed a three-headed hydra
  9711 | D:8      | Reached skill level 5 in Fighting
  9711 | D:8      | Reached skill level 5 in Dodging
 10067 | D:8      | Reached **** piety under Kikubaaqudgha
 10360 | D:8      | Found a burning altar of Makhleb.
 10525 | D:8      | Paralysed by a hornet for 2 turns
 10540 | D:8      | Paralysed by a hornet for 3 turns
 10550 | D:8      | Slain by a hornet

Skill      XL: |  1  2  3  4  5  6  7  8  9 10 11 |
---------------+----------------------------------+-----
Polearms       | 4 5 6 7 8 10 12 14 | 14.0
Armour         | 2 4 |  4.1
Necromancy     | 2 4 |  4.3
Fighting       | 4 5 |  5.4
Dodging        | 4 5 |  5.2
Stealth        | |  2.0

Action                   |  1- 3 |  4- 6 |  7- 9 | 10-12 || total
-------------------------+-------+-------+-------+-------++-------
Melee: Spear             |   115 |   529 |   161 |       ||   805
       Trident           |       |       |   154 |   342 ||   496
  Use: Scroll            |       |     8 |     4 |     7 ||    19
       Potion            |       |     3 |     2 |    10 ||    15
 Stab: Sleeping          |     7 |     3 |       |       ||    10
  Eat: Chunk             |       |    10 |     6 |     9 ||    25
       Meat ration       |       |       |     1 |       ||     1
       Pizza             |       |       |       |     1 ||     1
Armor: Ring mail         |    21 |    58 |       |       ||    79
       Scale mail        |       |    35 |    51 |    55 ||   141
       Skin              |       |       |       |    11 ||    11
Dodge: Dodged            |    52 |   143 |    72 |   101 ||   368
